[Event "*** Titled Tuesday Blitz"]
[Site "Chess.com"]
[Date "2021.03.09"]
[Round "11"]
[White "Cambek64"]
[Black "chescomhuynya"]
[Result "1-0"]
[WhiteElo "2443"]
[BlackElo "2573"]
[TimeControl "180+1"]
[EndTime "12:13:17 PST"]
[Termination "Cambek64 won by resignation"]

1. e4 c5 2. Nc3 d6 3. Bc4 Nc6 4. d3 g6 5. f4 Bg7 6. Nf3 e6 7. O-O Nge7 8. Qe1 O-O 9. f5 exf5 10.
Qh4 fxe4 11. dxe4 Ne5 12. Nxe5 dxe5 13. Be3 b6 14. Rxf7 Rxf7 15. Rf1 Bf5 16. exf5 Nxf5 17. Qxd8+ Rxd8 18. Bxf7+ Kxf7 19. g4 Ke6 20. gxf5+ gxf5 21. Rd1 Rg8 22. Kf1 e4 23. Bf4 Be5 24. Ne2 Bxb2 25. Rd6+ Ke7 26. Rc6 Rg7 27. Ng3 Rf7 28. Rc7+ Ke6 29.
Rxf7 Kxf7 30. Nxf5 Ke6 31. Ne3 b5 32. Ke2 c4 33. h3 h5 34. Bg3 a6 35. Bf4 Bd4 36. Kf2 Bc3 37. Kg3 Be1+ 38. Kg2 Bc3 39. Kf1 Bd2 40.
Ke2 Bc3 41. Nd1 Bd4 42. c3 Bf6 43. Kd2 Kf5 44. Be3 Be5 45. Kc2 Bf4 46. Kd2 Be5 47. Ke2 Bf6 48. Bd4 Bg5 49. Ne3+ Ke6 50. Nc2 Kd5 51.
Nb4+ Ke6 52. Nxa6 Be7 53. Nb4 Kf5 54. Nc2 Kf4 55. Kf2 Bh4+ 56. Kg2 Be7 57. Be3+ Ke5 58.
Kf2 Kd5 59. Ke2 Bf6 60. Bd4 Be7 61. Ne3+ Ke6 62. Ng2 Kf5 63. Be3 Bd6 64. Bd2 Bc5 65. Ne3+ Ke6 66. Nc2 Kd5 67. Be3 Be7 68. Nd4 b4 69.
cxb4 Bxb4 70. Nc2 Bc3 71. Bd2 Be5 72. Be3 c3 73. a4 Kc4 74. a5 Kb3 75. Kd1 Bb8 76.
a6 Kc4 77. a7 Bxa7 78. Bxa7 Kd3 79. Bd4 h4 80. Be3 Kc4 81. Bg5 Kd3 82. Bf4 Kc4 83. Kc1 Kd3 84. Kd1 Kc4 85. Be5 Kd3 86.
Bxc3 Kxc3 87. Ne3 Kd3 88. Ng2 e3 89. Ke1 Ke4 90. Nxh4 Kf4 91. Ng2+ Kg3 92. h4 Kg4 93. Ke2 Kg3 94. Kxe3 Kg4 95. Kf2 Kf5 96. Kf3 Kf6 97. Kf4 Kg6 98. Kg4 Kh6 99. h5 Kg7 100. Nf4 Kh7 101. Kh4 Kg7 102. Kg5 Kf7 103. h6 Kg8 104. Nd5 Kh8 105.
Nc7 Kg8 106. Nb5 Kh7 107. Nd6 Kg8 108. Kg6 Kh8 109. Nf7+ Kg8 110. h7+ Kf8 111. h8=Q+ 1-0